 Dungeon Crawl Stone Soup version 0.32-a0-799-g95e1662365 (webtiles) character file.

Game seed: 16753911467550785057

427 ezpacito the Chopper (level 6, 0/48 HPs)
             Began as a Coglin Chaos Knight on Mar 21, 2024.
             Was a Follower of Jiyva.
             Shot with an arrow by a centaur (5 damage)
             ... on level 5 of the Dungeon.
             The game lasted 00:04:03 (3534 turns).

ezpacito the Chopper (Coglin Chaos Knight)          Turns: 3534, Time: 00:04:03

Health: 0/48       AC:  9    Str: 14    XL:     6   Next: 97%
Magic:  8/8        EV:  6    Int: 12    God:    Jiyva [*.....]
Gold:   86         SH:  0    Dex: 13    Spells: 7/7 levels left

rFire   . . .        a - +0 hand axe (chaos) {Bunsong}
rCold   . . .        p - +2 flail (drain) {Byeongho}
rNeg    . . .        d - +0 chain mail
rPois   .            (no helmet)
rElec   .            (no cloak)
rCorr   .            (no gloves)
SInv    .            (no boots)
Will    .....        (amulet unavailable) Stlth
                     (ring unavailable)
HPRegen 1.08/turn    (ring unavailable)
MPRegen 0.51/turn    (no gizmo)

%: no passive effects
@: revving
A: off-hand wielding, slow wielding, warmup strikes, no jewellery, screaming 1
a: Invent Gizmo, Renounce Religion


You were on level 5 of the Dungeon.
You worshipped Jiyva.
Jiyva was aware of your devotion.
You visited 2 branches of the dungeon, and saw 6 of its levels.
You also visited: Sewer.

You collected 177 gold pieces.
You spent 91 gold pieces at shops.

Inventory:

Hand Weapons
 a - a +0 hand axe of chaos (weapon) {Bunsong}
 k - a +0 war axe {Teicsegi}
 o - a +0 spear
 p - a +2 flail of draining (offhand) {Byeongho}
 u - a +0 trident
Armour
 d - a +0 chain mail (worn)
Wands
 g - a wand of roots (13)
Scrolls
 b - 4 scrolls of amnesia
 c - a scroll of butterflies
 e - a scroll of immolation {unknown}
 f - a scroll of blinking {unknown}
 j - 3 scrolls of poison {unknown}
 m - 2 scrolls of revelation
 w - a scroll of torment {unknown}
Potions
 h - a potion of enlightenment
 i - a potion of berserk rage {unknown}
 l - 2 potions of heal wounds
 n - a potion of invisibility
 q - 4 potions of curing
 r - 2 potions of cancellation {unknown}
 s - a potion of might {unknown}
 t - a potion of haste {unknown}
 v - a potion of attraction {unknown}


   Skills:
 * Level 4.0 Fighting
 * Level 4.0(4.2) Axes
 + Level 1.6(2.8) Polearms
 * Level 3.1 Armour
 * Level 2.6 Dodging
 + Level 1.4 Stealth
 + Level 1.4 Spellcasting
 + Level 1.6 Evocations


You had 7 spell levels left.
You didn't know any spells.
Your spell library contained the following spells:

 Spells                   Type           Power      Damage    Failure   Level
 Summon Small Mammal      Summ           0%         N/A       99%         1
 Call Canine Familiar     Summ           0%         N/A       100%        3
 Summon Blazeheart Golem  Fire/Summ      0%         N/A       100%        4


Dungeon Overview and Level Annotations

Branches:
Dungeon (5/15)             Temple (1/1) D:4           Sewer (visited)

Altars:
Ashenzari
Cheibriados
Dithmenos
Fedhas
Gozag
Hepliaklqana
Kikubaaqudgha
Makhleb
Okawaru
Qazlal
Sif Muna
Trog
Wu Jian
Xom
Yredelemnul
Zin
The Shining One

Shops:
D:4 *

Annotations:
Temple 2 transporters


Innate Abilities, Weirdness & Mutations

You can wield a second weapon in your off-hand.
It takes a long time for you to wield or remove held weapons.
Your first few attacks do less damage.
You cannot equip rings or amulets.
You occasionally shout uncontrollably at your foes.


Message History

The orc hits you but does no damage.
You barely miss the orc with your +2 flail of draining.
The orc is severely wounded.
You completely miss the orc with your +0 hand axe of chaos.
The orc hits you but does no damage. The orc misses you.
You take 5 damage, and have 36/48 hp.
You hit the orc with your +2 flail of draining.
You kill the orc!
You regained 2 hp, and now have 38/48 hp.
No target in view!
No target in view!
Things that are here:
a +0 flail; 2 boomerangs; an orc corpse
There is a stone staircase leading down, spattered with blood here.
You hear a slurping noise.
Search for what [Enter for ":4", or ? for help]? thro Unknown command.
There is a stone staircase leading down, spattered with blood here.
Health restored: 48 You can't go up here!
You climb downwards.
The centaur wields a +0 orcbow.
The centaur shoots an arrow.
The arrow barely misses you. The scorpion stings you.
The orc hits you with a +0 club.
The centaur shoots an arrow.
The arrow hits you! The scorpion barely misses you.
There is a stone staircase leading up, spattered with blood here.
You take 11 damage, and have 37/48 hp.
MASSIVE DAMAGE!!
You hit the scorpion but do no damage.
You hit the orc with your +0 hand axe of chaos.
You sock the scorpion with your +2 flail of draining!
You drain the scorpion.
The centaur shoots an arrow.
The arrow hits you. The orc hits you but does no damage.
The gnoll hits you from afar with a +0 spear!
The gnoll sergeant hits you from afar with a +0 spear of distortion!
Space warps horribly around you!
* * * LOW HITPOINT WARNING * * *
The scorpion barely misses you.
The centaur shoots an arrow.
The arrow hits you.
You die...
Jiyva sends a jelly to digest your remains.

# ####.#####
.....g...##.#
.....g.@o..#
####..#.so#.#
.... #oc.#
#### ......
.......
?........#
##...##..#
#.... ...


You could see a gnoll sergeant, a centaur, a scorpion (drained), an orc wizard,
a gnoll and 2 orcs.

Vanquished Creatures
  3 jellies (Sewer)
  A hound (D:4)
  Jessica (D:2)
  2 orc wizards (D:3)
  A sleepcap (D:4)
  3 gnolls (D:2)
  3 river rats
  5 adders
  2 dart slugs
  4 orcs
  8 ball pythons
  9 endoplasms
  13 giant cockroaches
  4 goblins
  5 hobgoblins
  A jackal (D:2)
  5 quokkas
  4 bats
  7 frilled lizards
  6 kobolds
  14 rats
101 creatures vanquished.

Vanquished Creatures (collateral kills)
  A ball python (D:1)
  2 endoplasms (D:1)
  A rat (D:1)
4 creatures vanquished.

Vanquished Creatures (others)
  A jelly (Sewer)
1 creature vanquished.

Grand Total: 106 creatures vanquished

Notes
Turn   | Place    | Note
-------+----------+-------------------------------------------
     0 | D:1      | ezpacito the Coglin Chaos Knight began the quest for the
                  | Orb.
     0 | D:1      | Reached XP level 1. HP: 18/18 MP: 1/1
    28 | D:1      | Reached skill level 1 in Dodging
   105 | D:1      | Reached XP level 2. HP: 24/24 MP: 2/2
   158 | D:1      | Found a faded altar of an unknown god.
   328 | D:1      | Reached XP level 3. HP: 26/29 MP: 3/3
   361 | D:1      | XOM: silly message
   502 | D:1      | XOM: cast spell 'Summon Small Mammal'
   627 | D:1      | XOM: noise
   751 | D:2      | Noticed Jessica
   757 | D:2      | Killed Jessica
   758 | D:2      | Reached XP level 4. HP: 30/35 MP: 4/4
   949 | D:2      | Reached skill level 1 in Polearms
  1272 | D:2      | XOM: silly message
  1472 | D:2      | Reached XP level 5. HP: 26/41 MP: 6/6
  1575 | D:2      | XOM: silly message
  1646 | D:2      | XOM: give mutation
  1646 | D:2      | Gained mutation: Your flesh is heat resistant. (rF+) [Xom's
                  | mischief]
  1742 | D:3      | Reached skill level 1 in Stealth
  1742 | D:3      | Reached skill level 1 in Spellcasting
  1887 | D:3      | XOM: 2-stop teleportation journey
  2461 | D:4      | Found a glowing drain.
  2484 | D:4      | Found Oluuw's General Store.
  2494 | D:4      | Reached XP level 6. HP: 23/48 MP: 7/7
  2504 | D:4      | Bought a potion of curing for 39 gold pieces
  2504 | D:4      | Bought a scroll of amnesia for 52 gold pieces
  2566 | D:4      | XOM: silly message
  2577 | Sewer    | Entered a sewer
  2653 | Sewer    | Reached skill level 1 in Evocations
  2769 | Sewer    | XOM: confusion
  2804 | Sewer    | Found a viscous altar of Jiyva.
  2835 | Sewer    | XOM: divine lightning
  2862 | Sewer    | Fell from the grace of Xom
  2862 | Sewer    | Became a worshipper of Jiyva Jein the Shapeless
  2926 | D:4      | Found a staircase to the Ecumenical Temple.
  2935 | Temple   | Found a transporter.
  2935 | Temple   | Found a transporter.
  2935 | Temple   | Found a transporter.
  2935 | Temple   | Found a transporter.
  2935 | Temple   | Entered the Ecumenical Temple
  3186 | D:4      | Reached * piety under Jiyva
  3378 | D:4      | XOM: give mutations
  3378 | D:4      | Lost mutation: Your flesh is heat resistant. (rF+) [Xom's
                  | mischief]
  3378 | D:4      | Gained mutation: You are vulnerable to heat. (rF-) [Xom's
                  | mischief]
  3378 | D:4      | Gained mutation: You occasionally shout uncontrollably at
                  | your foes. [Xom's mischief]
  3378 | D:4      | Lost mutation: You are vulnerable to heat. (rF-) [Xom's
                  | mischief]
  3512 | D:5      | Entered Level 5 of the Dungeon
  3534 | D:5      | Shot with an arrow by a centaur

Illustrated notes

Levels and vault maps discovered:
D:1:      minmay_arrival_four_circles, layout_rooms,
          shapermc_ecumenical_altar_totnotflames
D:2:      minmay_skewed_foursquare, layout_basic, serial_forest,
          infiniplex_forest_end_3, infiniplex_forest_straight_4,
          infiniplex_forest_clump_small, infiniplex_forest_clump_C,
          infiniplex_forest_lined_corner, infiniplex_forest_end_3,
          infiniplex_forest_end_3, infiniplex_forest_lined_corner,
          minmay_pentomino_x2, uniq_jessica
D:3:      layout_basic
D:4:      layout_basic, minmay_temple_entry_hall, serial_shops,
          nicolae_shop_trees, portal_sewer_entry_a, palyth_stone_intersect,
          kennysheep_decorative_pillar
D:5:      minmay_diamond_boxcup, layout_loops_ring, nicolae_vehumet_altar_sigil,
          serial_shops, nicolae_shop_back_alley_shop
Temple:   hellmonk_temple_divided_pantheon

Skill      XL: |  1  2  3  4  5  6 |
---------------+-------------------+-----
Dodging        | 1 2 |  2.6
Armour         | 2 3 |  3.1
Polearms       | 1 |  1.6
Stealth        | 1 |  1.4
Spellcasting   | 1 |  1.4
Evocations     | 1 |  1.6
Axes           | 4 |  4.0
Fighting       | 4 |  4.0

Action                     |  1- 3 |  4- 6 || total
---------------------------+-------+-------++-------
  Melee: Hand axe          |    55 |   134 ||   189
         Dagger            |    39 |       ||    39
         War axe           |     9 |    36 ||    45
         Flail             |       |   103 ||   103
    Use: Scroll            |       |     5 ||     5
         Potion            |       |     1 ||     1
   Stab: Sleeping          |     1 |       ||     1
         Confused          |       |     1 ||     1
 Armour: Leather armour    |    27 |       ||    27
         Chain mail        |     6 |   183 ||   189
  Dodge: Dodged            |    21 |    56 ||    77

Table legend: (Time is in decaauts)
 A = Elapsed time spent in this place.
 B = Non-inter-level travel time spent in this place.
 C = Inter-level travel time spent in this place.
 D = Time resting spent in this place.
 E = Time spent auto-exploring this place.
 F = Levels seen in this place.
 G = Mean time per level.
                   A        B        C        D        E       F      G
               +--------+--------+--------+--------+--------+-----+--------+
         Total |   3611 |   3462 |    149 |     60 |   2719 |   7 |  515.9 |
       Dungeon |   3256 |   3108 |    148 |     60 |   2546 |   5 |  651.2 |
        Temple |      1 |      1 |      0 |      0 |      0 |   1 |    1.0 |
         Sewer |    353 |    353 |      0 |      0 |    173 |   1 |  353.0 |
               +--------+--------+--------+--------+--------+-----+--------+

Top non-repeatable levels by time:
     D:2: 1079 daAuts
     D:4: 795 daAuts
     D:3: 743 daAuts
     D:1: 633 daAuts
   Sewer: 353 daAuts
     D:5: 4 daAuts
  Temple: 1 daAuts
